[Event "ONJK U25"]
[Site "Enschede, Netherlands"]
[Date "2022.08.08"]
[Round "1.1"]
[White "Gesthuizen, Ward"]
[Black "Van Roon, Sjoerd"]
[Result "1/2-1/2"]
[TimeControl "90min + 30sec/move"]
[WhiteElo "1600"]
[BlackElo "2310"]

1. d4 d5 2. c4 c6 3. Nc3 Nf6 4. Bg5 e6 5. Nf3 h6 6. Bh4 Bd6 7. e3 Nbd7 8. Bd3 O-O 9. O-O dxc4 10.
Bxc4 b5 11. Bd3 a6 12. Ne4 Be7 13. Rc1 Bb7 14. Nc5 Nxc5 15. dxc5 Qd5 16. Bb1 Qxd1 17.
Rfxd1 Rfd8 18. Re1 a5 19. e4 g5 20. Bg3 Nd7 21. Bc7 Rdc8 22. Bd6 Bxd6 23. cxd6 e5 24. Red1 c5 25. g4 Ra6 26. Rd2 Kg7 27. h4 f6 28. h5 c4 29. Ne1 Nc5 30.
f3 Rd8 31. Rcd1 Bc8 32. Ng2 Be6 33. Ne3 Nb7 34. d7 Kf7 35. Nf5 Bxf5 36. exf5 Ke7 37. Be4 Nd6 38. a4 b4 39. Bd5 c3 40.
bxc3 bxc3 41. Rc2 Rxd7 42. Rxc3 Ne8 43. Bb3 Rxd1+ 44. Bxd1 Rb6 45. Be2 Rb2 46. Bb5 Nd6 47. Rc7+ Kf8 48.
Rc6 Ke7 49. Rc7+ Kf8 1/2-1/2

[Event "ONJK U25"]
[Site "Enschede, Netherlands"]
[Date "2022.08.08"]
[Round "1.2"]
[White "Baselmans, Luuk"]
[Black "Smidt, Hana"]
[Result "1-0"]
[TimeControl "90min + 30sec/move"]
[WhiteElo "2256"]
[BlackElo "1594"]

1. e4 c5 2. Nf3 Nc6 3. Bb5 d6 4. O-O g6 5. c3 Bg7 6.
d4 cxd4 7. cxd4 Bd7 8. Nc3 a6 9. Ba4 e5 10. Be3 Nf6 11. dxe5 Nxe5 12. Nxe5 dxe5 13. Bc5 Bxa4 14.
Qxa4+ Qd7 15. Qb3 Bf8 16. Rad1 Qc7 17. Bb6 Qc6 18. Rc1 Rc8 19. Be3 Qd7 20. Rfd1 Bd6 21. Nd5 Nxd5 22. Rxc8+ Qxc8 23. Qxd5 Bc7 24. Bh6 Ke7 25. Qc5+ Kf6 26. Rd3 g5 27. Bxg5+ Kg7 28. Rg3 f6 29. Qe7+ Kg6 30. Qxf6+ Kh5 31. Qf7# 1-0

[Event "ONJK U25"]
[Site "Enschede, Netherlands"]
[Date "2022.08.08"]
[Round "1.3"]
[White "Nies, Levi"]
[Black "Boudry, William"]
[Result "0-1"]
[TimeControl "90min + 30sec/move"]
[WhiteElo "1570"]
[BlackElo "2115"]

1. e4 b6 2. d4 Bb7 3. Nc3 e6 4. a3 g6 5. Bd3 Bg7 6. Be3 d6 7. f4 Nd7 8. Nf3 Ne7 9. O-O O-O 10.
Qe1 a6 11. Qh4 c5 12. f5 Nc6 13. Qh3 exf5 14. Bh6 Nxd4 15. Ng5 Re8 16. Bxg7 Qxg5 17. Bh6 Qg4 18. exf5 Qxh3 19. gxh3 Nf3+ 20. Kf2 Nxh2 21. Rg1 Nf3 22.
Rg3 Nfe5 23. Be4 Bxe4 24. Nxe4 Nc4 25. Nc3 Nxb2 26. Bf4 Nc4 27. Nd5 Re4 28. f6 h5 29. Re1 Rxe1 30. Kxe1 Re8+ 31. Ne7+ Kh7 32. Bg5 b5 33. Rd3 Nde5 34. Rb3 Nc6 35.
Kd1 Nd4 36. Rg3 a5 37. h4 a4 38. Rc3 Ra8 39. Bf4 Ra6 40. Nc8 d5 41. Bg5 b4 0-1

[Event "ONJK U25"]
[Site "Enschede, Netherlands"]
[Date "2022.08.08"]
[Round "1.4"]
[White "Van Randtwijk, Mick"]
[Black "Heskes, Johan"]
[Result "0-1"]
[TimeControl "90min + 30sec/move"]
[WhiteElo "2057"]
[BlackElo "1566"]

1. e4 e5 2. Nf3 f5 3. d3 d6 4. Nc3 Nf6 5. g3 Be7 6. Bg2 O-O 7. O-O c5 8. b3 Nc6 9. Nd2 f4 10. Nc4 g5 11. a4 Nd4 12. f3 h5 13. Ne2 Nxe2+ 14. Qxe2 Be6 15. Kh1 Qd7 16. Rg1 Kf7 17. Bb2 Rg8 18. gxf4 gxf4 19. Rad1 Rg5 20. h4 Rg3 21. Bxe5 Bxc4 22. Bxf6 Bxf6 23. dxc4 Rag8 24. Kh2 Bd4 25. Rxd4 cxd4 26. Qd2 Qe6 27. Qxf4+ Qf6 28. Qxg3 Rxg3 29. Kxg3 Ke6 30. Bh3+ Ke5 31. Bf5 Qh6 32. Kh3 Qe3 33. Rg2 Kf4 34. Bg6 Qxf3+ 35. Kh2 Qd1 36. Bf5 Qe1 37. Bg6 Qxh4+ 38. Kg1 Qe1+ 39. Kh2 h4 40. Bf5 b6 41. Bg6 h3 42. Kxh3 Qh1+ 43. Rh2 Qf3+ 44. Kh4 Qg4 0-1

[Event "ONJK U25"]
[Site "Enschede, Netherlands"]
[Date "2022.08.08"]
[Round "1.5"]
[White "Heijmans, Merlijn"]
[Black "Merkon, Oseb"]
[Result "0-1"]
[TimeControl "90min + 30sec/move"]
[WhiteElo "1466"]
[BlackElo "1954"]

1. e4 c5 2. Nf3 Nc6 3. d4 cxd4 4. Nxd4 Nf6 5. Nc3 e5 6. Ndb5 d6 7. Bg5 a6 8. Na3 Be7 9. Bxf6 gxf6 10.
Qd2 f5 11. g3 fxe4 12. Nxe4 d5 13. Nc3 Be6 14. Bg2 Nd4 15. Ne2 Nxe2 16. Qxe2 Qd6 17. Rd1 Rd8 18. c3 O-O 19. Nc4 Qc7 20.
Nxe5 Bf6 21. f4 Rfe8 22. Qh5 Bxe5 23. fxe5 f6 24. O-O fxe5 25. Qg5+ Qg7 26. Qf6 b5 27. Rde1 Qxf6 28. Rxf6 Kg7 29.
Rf3 Bf7 30. Kf2 Bg6 31. Rfe3 Rf8+ 32. Ke2 Bh5+ 33. Bf3 Rxf3 34. Rxf3 e4 0-1

[Event "ONJK U25"]
[Site "Enschede, Netherlands"]
[Date "2022.08.08"]
[Round "1.6"]
[White "Kruimer, Matthias"]
[Black "Van Iersel, Yorn"]
[Result "1-0"]
[TimeControl "90min + 30sec/move"]
[WhiteElo "1766"]
[BlackElo "1419"]

1. e4 e5 2. Nf3 Nc6 3. d4 exd4 4. Bc4 Nf6 5. e5 d5 6.
Bb5 Ne4 7. Nxd4 Bd7 8. Bxc6 Bxc6 9. O-O Be7 10. Qg4 Bg5 11. f4 h5 12. Qf3 Be7 13. Nc3 Bc5 14. Nce2 Bb5 15. c3 Qd7 16. Be3 O-O-O 17. Kh1 h4 18. Nxb5 Qxb5 19. a4 Qc6 20. a5 Kb8 21. b4 Bxe3 22. Qxe3 Qg6 23. b5 b6 24. c4 d4 25. Nxd4 Ng3+ 26. Kg1 Nxf1 27. Kxf1 Rxd4 28. Qxd4 Qe6 29. a6 c6 30. Rd1 Kc7 31. Qd6+ Qxd6 32. Rxd6 Rd8 33. Rxc6+ Kb8 34. Ke2 Rc8 35. Rxc8+ Kxc8 36. Ke3 Kd7 37. Ke4 1-0

[Event "ONJK U25"]
[Site "Enschede, Netherlands"]
[Date "2022.08.09"]
[Round "2.1"]
[White "Nijdam, Brian"]
[Black "Baselmans, Luuk"]
[Result "0-1"]
[TimeControl "90min + 30sec/move"]
[WhiteElo "1749"]
[BlackElo "2256"]

1. c4 e5 2. Nc3 Nf6 3. g3 c6 4. Nf3 e4 5. Nd4 Qb6 6. Nb3 a5 7. Na4 Qd8 8. c5 b5 9. cxb6 d5 10.
Bg2 Bd6 11. d3 exd3 12. Qxd3 O-O 13. Bg5 Bb4+ 14. Kf1 Re8 15. Bf3 Nbd7 16. Qd4 Ne5 17. Kg2 Rb8 18. Rac1 Ba6 19. Nbc5 Bb5 20.
a3 Bxc5 21. Rxc5 Bxa4 22. Qxa4 Qxb6 23. Qxa5 Qxb2 24. Qc3 Nfd7 25. Qxb2 Rxb2 26. Rcc1 Nxf3 27. exf3 f6 28. Bf4 c5 29.
Rhe1 Ree2 30. Rxe2 Rxe2 31. Bd6 c4 32. Kf1 Re6 33. Bb4 Nb6 34. Re1 Kf7 35. f4 g6 36. f3 Rxe1+ 37. Kxe1 Na4 38.
Kd2 d4 39. Bd6 Ke6 40. Bb4 Kd5 41. Be7 c3+ 42. Kc2 Kc4 43. Bxf6 d3+ 0-1

[Event "ONJK U25"]
[Site "Enschede, Netherlands"]
[Date "2022.08.09"]
[Round "2.2"]
[White "Boudry, William"]
[Black "Meulenkolk, Jan-Geert"]
[Result "1-0"]
[TimeControl "90min + 30sec/move"]
[WhiteElo "2115"]
[BlackElo "1681"]

1. Nc3 e5 2. e4 Nc6 3. Bc4 Nf6 4. d3 Bb4 5. Nge2 d5 6. exd5 Nxd5 7. Bxd5 Qxd5 8. O-O Qd8 9. f4 O-O 10.
fxe5 Nxe5 11. d4 Ng6 12. Ne4 Bg4 13. c3 Re8 14. Qb3 Bxe2 15. Rxf7 Kh8 16. Ng5 Bf8 17. Rxg7 Bxg7 18. Nf7+ Kg8 19.
Nh6+ 1-0

[Event "ONJK U25"]
[Site "Enschede, Netherlands"]
[Date "2022.08.09"]
[Round "2.3"]
[White "Merkon, Oseb"]
[Black "Yee, Fong You"]
[Result "1-0"]
[TimeControl "90min + 30sec/move"]
[WhiteElo "1954"]
[BlackElo "981"]

1. d4 f5 2. c4 Nf6 3. Nc3 g6 4. h4 c6 5. h5 Bg7 6. e4 fxe4 7. g4 d6 8. h6 Bf8 9. g5 Ng8 10.
d5 Bf5 11. Qd4 Nf6 12. gxf6 exf6 13. Nxe4 Qe7 14. Bd3 Nd7 15. Bf4 Nc5 16. f3 O-O-O 17. O-O-O g5 18. Nxd6+ Rxd6 19.
Bxf5+ Rd7 20. d6 Qd8 21. Qxc5 Qb6 22. Qxb6 axb6 23. Bg3 Kd8 24. Ne2 1-0

[Event "ONJK U25"]
[Site "Enschede, Netherlands"]
[Date "2022.08.09"]
[Round "2.4"]
[White "Said, Omar"]
[Black "Kruimer, Matthias"]
[Result "1-0"]
[TimeControl "90min + 30sec/move"]
[WhiteElo "1620"]
[BlackElo "1766"]

1. e4 e5 2. Nf3 Nc6 3. Bc4 Nf6 4. Ng5 d5 5. exd5 Na5 6. Bb5+ c6 7. dxc6 bxc6 8. Qf3 Be7 9. Bd3 O-O 10.
Nc3 h6 11. Nge4 Nd5 12. Ng3 g6 13. b3 f5 14. Bb2 Bf6 15. Nce4 fxe4 16. Qxe4 Nf4 17. O-O Qd5 18. Nh5 Qxe4 19.
Nxf6+ Rxf6 20. Bxe4 Re6 21. Rfe1 Bb7 22. Bc3 Nxb3 23. axb3 a6 24. g3 Nh3+ 25. Kg2 Ng5 26. Bd3 c5+ 27.
Kf1 Nf3 28. Bc4 Kf7 29. Re3 Nxh2+ 30. Ke2 Ng4 31. Rd3 Ke7 32. Bxe6 Kxe6 33. f3 Nf6 34. Re3 Nd7 35. f4 e4 36.
d3 Kf5 37. dxe4+ Bxe4 38. g4+ Kxf4 39. Rf1+ 1-0

[Event "ONJK U25"]
[Site "Enschede, Netherlands"]
[Date "2022.08.09"]
[Round "2.5"]
[White "Heskes, Johan"]
[Black "Gesthuizen, Ward"]
[Result "1-0"]
[TimeControl "90min + 30sec/move"]
[WhiteElo "1566"]
[BlackElo "1600"]

1. d4 d5 2. c4 e6 3. Nc3 Nf6 4. Bf4 Nbd7 5. c5 c6 6. h3 b6 7. b4 bxc5 8. bxc5 Qa5 9. Qd2 Ba6 10.
e3 Bxf1 11. Kxf1 Nh5 12. Bh2 g6 13. Nf3 f6 14. Nxd5 Qa6+ 15. Kg1 cxd5 16. g4 Ng7 17. Rb1 Be7 18. Rb3 O-O 19. Kg2 e5 20.
dxe5 Nxc5 21. exf6 Qxf6 22. Qxd5+ Kh8 23. Be5 Qf7 24. Qxf7 Rxf7 25. Rc3 Raf8 26. e4 Nxe4 27. Re3 Ng5 28. Nd4 Rxf2+ 29. Kg3 Bc5 30. Rc1 Bb6 31. h4 Bxd4 32. Bxd4 N5e6 33.
Bc3 Kg8 34. Rb1 Nc5 35. Rb4 h5 36. g5 Rxa2 37. Bxg7 Kxg7 38. Rc4 Ra5 39. Re5 Nd7 40. Rxa5 Ne5 41. Rxe5 1-0

[Event "ONJK U25"]
[Site "Enschede, Netherlands"]
[Date "2022.08.09"]
[Round "2.6"]
[White "Van Roon, Sjoerd"]
[Black "Van Randtwijk, Mick"]
[Result "1-0"]
[TimeControl "90min + 30sec/move"]
[WhiteElo "2310"]
[BlackElo "2057"]

1. e4 c5 2. Nf3 d6 3. Bb5+ Nd7 4. d4 cxd4 5. Qxd4 a6 6. Bxd7+ Bxd7 7. Nc3 e5 8. Qd3 Bc6 9. a4 Be7 10.
O-O Qd7 11. Nd2 Rd8 12. Nc4 Nf6 13. Bg5 O-O 14. Rfd1 Qe6 15. Nb6 Nxe4 16. Nxe4 Bxe4 17. Qxe4 Bxg5 18. Qxb7 a5 19. Qd5 Qg6 20.
Qxa5 Qxc2 21. b4 Bd2 22. Qb5 Bc3 23. Qc6 Qb2 24. Rab1 Qa3 25. Qc4 Bd4 26. Rd3 d5 27. Qc2 Qxd3 28.
Qxd3 Bxb6 29. a5 Bc7 30. Qd2 Rd6 31. b5 Ra8 32. Qc3 Bxa5 33. Ra1 Bxc3 34. Rxa8+ Rd8 35. Rxd8# 1-0

[Event "ONJK U25"]
[Site "Enschede, Netherlands"]
[Date "2022.08.10"]
[Round "3.1"]
[White "Baselmans, Luuk"]
[Black "Merkon, Oseb"]
[Result "1-0"]
[TimeControl "90min + 30sec/move"]
[WhiteElo "2256"]
[BlackElo "1954"]

1. e4 c5 2. Nf3 Nc6 3. Bb5 Nf6 4. e5 Nd5 5. Nc3 Nxc3 6. dxc3 d5 7. exd6 exd6 8. Bf4 a6 9. Bc4 Be6 10.
Bxe6 fxe6 11. Qe2 Qd7 12. O-O-O O-O-O 13. Rhe1 Re8 14. Kb1 e5 15. Bg3 Qf5 16. Qc4 g5 17. Nd2 h5 18. h4 g4 19.
Ne4 Rh6 20. Rd5 Qe6 21. Red1 b5 22. Qe2 Nd4 23. cxd4 Qxd5 24. dxc5 Qc4 25. Qe3 Ree6 26. b3 Qb4 27. c3 Qa5 28.
cxd6 Bxd6 29. Qa7 Qc7 30. Nxd6+ Rxd6 31. Qxc7+ Kxc7 32. Bxe5 Kc6 33. Rxd6+ Rxd6 34. Bxd6 Kxd6 35. Kc2 1-0

[Event "ONJK U25"]
[Site "Enschede, Netherlands"]
[Date "2022.08.10"]
[Round "3.2"]
[White "Heskes, Johan"]
[Black "Boudry, William"]
[Result "0-1"]
[TimeControl "90min + 30sec/move"]
[WhiteElo "1566"]
[BlackElo "2115"]

1. d4 e6 2. c4 Nf6 3. Nc3 Bb4 4. Bf4 O-O 5. e3 d6 6. a3 Bxc3+ 7. bxc3 Qe7 8. Nf3 Nc6 9. Be2 e5 10.
Bg5 h6 11. Bxf6 Qxf6 12. O-O Re8 13. Nd2 Qg6 14. Kh1 Bf5 15. Bh5 Qh7 16. d5 Na5 17. Re1 Bc2 18. Qc1 Bd3 19. Qb2 b6 20.
Qb4 Qf5 21. Be2 Bxe2 22. Rxe2 Qd3 23. Rae1 e4 24. Nb3 Nxc4 25. Nd4 Ne5 26. Rc1 Qa6 27. Ra1 c5 28. dxc6 Nxc6 29. Qb5 Qxb5 30.
Nxb5 Red8 31. Rd2 d5 32. Nc7 Rac8 33. Nxd5 Kf8 34. Rad1 Ne5 35. Rd4 Rc4 36. g3 Nd3 37. Rxc4 Nxf2+ 38. Kg2 Nxd1 39. Rd4 Rxd5 0-1

[Event "ONJK U25"]
[Site "Enschede, Netherlands"]
[Date "2022.08.10"]
[Round "3.3"]
[White "Kruimer, Matthias"]
[Black "Van Roon, Sjoerd"]
[Result "0-1"]
[TimeControl "90min + 30sec/move"]
[WhiteElo "1766"]
[BlackElo "2310"]

1. e4 c5 2. Nc3 Nc6 3. Bb5 Nd4 4. Nf3 a6 5. Bd3 Nc6 6. Nd5 e6 7. O-O Bd6 8. Ne3 Nge7 9. c3 Bc7 10.
Bc2 d5 11. d4 dxe4 12. Bxe4 cxd4 13. cxd4 Nd5 14. Nxd5 exd5 15. Bc2 O-O 16. Qd3 g6 17. Bd2 Bf5 18. Qc3 Be4 19. Bxe4 dxe4 20.
Ng5 Qd5 21. Rfe1 Rae8 22. Nh3 Ba5 23. Qe3 Bxd2 24. Qxd2 Qxd4 25. Qh6 Qg7 26. Qh4 f5 27. Rad1 Rd8 28. Ng5 Qe7 29. Qg3 Rxd1 30.
Rxd1 h6 31. Qb3+ Kh8 32. Ne6 Rf6 33. Nf4 Rd6 34. Qc3+ Kh7 35. Nd5 Qf7 36. Qc5 Rd8 37. h3 Qe6 38. b3 Kg7 39. Ne3 Rxd1+ 40. Nxd1 Qd7 41. Ne3 Qd4 42.
Qc2 f4 43. Nc4 Nb4 44. Qc1 Qxf2+ 45. Kh1 Nd5 46. Qa1+ Kh7 47. Qd1 f3 48. Ne3 fxg2+ 49. Nxg2 Qxg2+ 50. Kxg2 Ne3+ 0-1

[Event "ONJK U25"]
[Site "Enschede, Netherlands"]
[Date "2022.08.10"]
[Round "3.4"]
[White "Yee, Fong You"]
[Black "Nijdam, Brian"]
[Result "0-1"]
[TimeControl "90min + 30sec/move"]
[WhiteElo "981"]
[BlackElo "1749"]

1. e4 c5 2. c3 Nf6 3. d3 d5 4. Be2 dxe4 5. d4 cxd4 6. cxd4 Nc6 7. Be3 e5 8. dxe5 Qxd1+ 9. Bxd1 Nxe5 10.
Nc3 Bb4 11. Bd4 Nd3+ 12. Ke2 Nf4+ 13. Kf1 Be6 14. Bxf6 gxf6 15. Nxe4 Bc4+ 16. Be2 Nxe2 17. Nxe2 O-O-O 18. g4 Kb8 19.
Rg1 Rhe8 20. f3 Rd3 21. Rg3 Re3 22. Kf2 Rxe2+ 0-1

[Event "ONJK U25"]
[Site "Enschede, Netherlands"]
[Date "2022.08.10"]
[Round "3.5"]
[White "Meulenkolk, Jan-Geert"]
[Black "Andringa, Jibbe"]
[Result "0-1"]
[TimeControl "90min + 30sec/move"]
[WhiteElo "1681"]
[BlackElo "1000"]

1. e4 c5 2. Nf3 Nc6 3. d4 cxd4 4. Nxd4 e5 5. Nb5 Bc5 6. Nd6+ Bxd6 7. Qxd6 Qe7 8. Qd1 Nf6 9. Nc3 O-O 10.
Be2 d6 11. O-O Be6 12. Be3 a6 13. Nd5 Bxd5 14. exd5 Nd4 15. Bxd4 exd4 16. Re1 Qc7 17. Qxd4 Qxc2 18. Bd3 Qc7 19.
Re3 Rfe8 20. Rg3 Qe7 21. Bxh7+ Kxh7 22. Qh4+ Kg8 23. Re3 Qd8 24. Rh3 Kf8 25. Rg3 Ne4 26. Qh8+ Ke7 27. Qh4+ Kd7 28.
Qg4+ Kc7 29. Rc1+ Kb8 30. Re3 Nf6 31. Qxg7 Rxe3 32. fxe3 Qe7 33. e4 Ka7 34. Qg5 Re8 35. Qe3+ Kb8 36.
Qb6 Qd8 37. Qxd8+ Rxd8 38. Rf1 Nxe4 39. Rxf7 Rc8 0-1

[Event "ONJK U25"]
[Site "Enschede, Netherlands"]
[Date "2022.08.10"]
[Round "3.6"]
[White "De Vries, Laurens"]
[Black "Van Iersel, Yorn"]
[Result "0-1"]
[TimeControl "90min + 30sec/move"]
[WhiteElo "1409"]
[BlackElo "1419"]

1. e4 e5 2. Nf3 Nc6 3. d4 exd4 4. Bc4 Nf6 5. e5 d5 6. Bb5 Ne4 7. Nxd4 Bd7 8. Bxc6 bxc6 9. O-O Bc5 10.
Be3 Bb6 11. f3 Nc5 12. b4 Ne6 13. f4 Nxd4 14. Bxd4 g6 15. Nc3 Bg4 16. Qd2 Qd7 17. Kh1 Be6 18. Ne2 h5 19. Qc3 O-O 20.
Rae1 a5 21. Bxb6 cxb6 22. a3 Rfc8 23. bxa5 Rxa5 24. Nd4 c5 25. Nxe6 fxe6 26. Qd3 Qg7 27. Rb1 Rca8 28. Rxb6 Rxa3 29.
Qb5 Ra1 30. Rb8+ Kh7 31. Rxa8 Rxa8 32. Qxc5 Qd7 33. h3 Rc8 34. Qf2 Qa4 35. Rc1 Rc4 36. g3 Rc3 37. Kh2 d4 38. Qd2 Qc4 39.
h4 Qc5 40. Kh3 d3 41. f5 Rxc2 42. fxg6+ Kg7 43. Qxd3 Rxc1 44. Qd7+ Kxg6 45. Qxe6+ Kg7 46. Qf6+ Kg8 47. Qd8+ Kf7 48.
Qd7+ Qe7 49. Qd5+ Kg7 50. e6 Rc5 51. Qd4+ Kg8 52. Qe4 Kg7 53. Qd4+ Kg6 54. Qe4+ Kf6 55. Qf4+ Kxe6 56. Qe4+ Kf7 57.
Qf3+ Kg6 58. Qd3+ Rf5 59. g4 hxg4+ 60. Kxg4 Qb4+ 61. Kh3 Qf4 62. Qa6+ Rf6 63. Qd3+ Qf5+ 64. Qxf5+ Rxf5 65. Kg4 Rd5 0-1

[Event "ONJK U25"]
[Site "Enschede, Netherlands"]
[Date "2022.08.10"]
[Round "4.1"]
[White "Boudry, William"]
[Black "Baselmans, Luuk"]
[Result "0-1"]
[TimeControl "90min + 30sec/move"]
[WhiteElo "2115"]
[BlackElo "2256"]

1. e4 c5 2. Nf3 Nc6 3. c3 Nf6 4. e5 Nd5 5. d4 cxd4 6. cxd4 d6 7. Bc4 Nb6 8. Bb5 Bd7 9. Nc3 dxe5 10.
dxe5 a6 11. Be2 Bg4 12. O-O e6 13. Be3 Qd5 14. Qd2 Qxd2 15. Rfe1 Qd1 16.
Rexd1 Nd7 17. Bf4 Be7 18. Rac1 Rd8 19.
h3 Bh5 20. Na4 Nb4 21. Bg3 Nxa2 22. Rc7 b5 23. Nc3 Nxc3 24. bxc3 Nb6 25. Rxd8+ Bxd8 26. Ra7 Nd5 27. Rxa6 Nxc3 28.
Bd3 Bxf3 29. gxf3 O-O 30. Bf4 Nd5 31. Bd2 Bc7 32. f4 Rb8 33. Ra2 g6 34. Rb2 b4 35. Be4 Nc3 36. Bf3 Rd8 37.
Be3 Ba5 38. Rb3 Nb5 39. Rb1 Na3 40. Ra1 Rd3 41. Be2 Rc3 42. Bd4 Rc2 43. Bd1 Rc4 44. Be3 Bd8 45. Bc1 Be7 46. Kg2 Bc5 47.
Bd2 Be7 48. Bb3 Rd4 49. Be3 Rd3 50. Ba4 Kg7 51. Kf1 b3 52. Bc1 Rd1+ 53. Ke2 Rxc1 0-1

[Event "ONJK U25"]
[Site "Enschede, Netherlands"]
[Date "2022.08.10"]
[Round "4.2"]
[White "Van Roon, Sjoerd"]
[Black "Merkon, Oseb"]
[Result "1/2-1/2"]
[TimeControl "90min + 30sec/move"]
[WhiteElo "2310"]
[BlackElo "1954"]

1. e4 c5 2. Nf3 d6 3. Bb5+ Bd7 4. Bxd7+ Qxd7 5. c4 e5 6. Nc3 g6 7. d3 Bg7 8. O-O Ne7 9. Be3 f5 10.
a3 f4 11. Bd2 Nbc6 12. Nd5 Nxd5 13. exd5 Nd4 14. Nxd4 cxd4 15. b4 Qf5 16. Qe2 O-O 17. f3 Rfc8 18. a4 h5 19. Rfc1 Bf8 20.
b5 g5 21. a5 Be7 22. a6 b6 23. Kf2 g4 24. Rg1 Rf8 25. Qe4 Bh4+ 26. Ke2 Qxe4+ 27. dxe4 Kf7 28. g3 gxf3+ 29. Kxf3 fxg3 30.
hxg3 Kg6+ 31. Kg2 Be7 32. Rgf1 Rxf1 33. Rxf1 Rc8 34. Rc1 Bg5 35. Bxg5 Kxg5 36. Kf3 Rf8+ 37. Ke2 Kg4 38. Rh1 Rc8 39.
Rh4+ Kg5 40. Kd3 Rf8 41. Ke2 Rh8 42. Kd3 Rh7 43. Ke2 Rf7 44. Rh2 Kg4 45. Rf2 d3+ 46. Ke3 d2 47. Rxd2 Rf3+ 48. Ke2 Rc3 49. Rd3 Rc2+ 50.
Kd1 Rxc4 51. Kd2 Rxe4 52. Rc3 Rd4+ 53. Ke3 Rxd5 54. Rc7 Kxg3 55. Rxa7 Rxb5 56. Rg7 Kh3 57. Rb7 Ra5 58. Rxb6 d5 59.
Re6 Ra3+ 60. Kf2 Ra2+ 61. Ke3 Ra3+ 62. Kf2 Ra2+ 63. Ke3 Ra3+ 1/2-1/2

[Event "ONJK U25"]
[Site "Enschede, Netherlands"]
[Date "2022.08.10"]
[Round "4.3"]
[White "Nijdam, Brian"]
[Black "Andringa, Jibbe"]
[Result "1-0"]
[TimeControl "90min + 30sec/move"]
[WhiteElo "1749"]
[BlackElo "1000"]

1. e4 c5 2. d4 cxd4 3. c3 dxc3 4. Nxc3 e5 5. Bc4 Nf6 6. Nf3 Bb4 7. Bxf7+ Kxf7 8.
Qb3+ d5 9. Qxb4 Nc6 10. Qb3 Re8 11.
O-O Na5 12. Qc2 Kg8 13. Nxd5 Nxd5 14. exd5 Qxd5 15. Rd1 Qc6 16. Qxc6 Nxc6 17. h3 Bf5 18. Bg5 e4 19. Nd4 Nxd4 20.
Rxd4 Rac8 21. g4 Bg6 22. Rd7 Re5 23. Be3 Rb5 24. Bd4 Bf7 25. Rd1 h5 26. Bc3 hxg4 27. hxg4 Rg5 28. Rxb7 Rxg4+ 29. Kh2 Rc6 30. Rd8+ Kh7 31. Bd2 Rf6 32. Re7 Rxf2+ 33. Kh3 Bh5 34. Rd5 Rf3+ 35. Kh2 Bg6 36. Rg5 Rxg5 37. Bxg5 Rf2+ 38. Kg3 Rxb2 39. Rxa7 Bf5 40. Bf6 Rb6 41.
Rxg7+ Kh6 42. Bd4 Rd6 43. Rf7 Bg6 44. Be3+ Kh5 45. Rf4 Kh6 46. Rf6+ Kg7 47. Rxd6 Kf7 48. Kf4 Bh7 49. Rd7+ Kg8 50.
Rxh7 Kxh7 51. a4 Kh6 52. a5 Kh5 53. a6 Kh4 54. a7 Kh3 55. a8=Q Kh2 56. Qa1 Kg2 57. Qg1+ Kh3 58. Qh1+ 1-0

[Event "ONJK U25"]
[Site "Enschede, Netherlands"]
[Date "2022.08.10"]
[Round "4.4"]
[White "Van Iersel, Yorn"]
[Black "Heskes, Johan"]
[Result "1/2-1/2"]
[TimeControl "90min + 30sec/move"]
[WhiteElo "1419"]
[BlackElo "1566"]

1. e4 e5 2. Nf3 f5 3. d4 fxe4 4. Nxe5 Nf6 5. Nc4 d5 6. Ne3 Be7 7. c4 c6 8. Nc3 O-O 9. Be2 Be6 10.
Qc2 Na6 11. a3 Nc7 12. O-O Rc8 13. f3 exf3 14. Bxf3 dxc4 15. Ne2 b5 16. Bxc6 Nfd5 17. Rxf8+ Bxf8 18. Nxd5 Bxd5 19. Bxd5+ Nxd5 20.
Bd2 a5 21. Qf5 b4 22. axb4 axb4 23. Ra7 Nb6 24. Bxb4 Qf6 25. Qxf6 gxf6 26. Bxf8 Rxf8 27. b3 cxb3 28. Rb7 Nd5 29.
Rxb3 Kf7 30. Kf2 Re8 31. Kf3 f5 32. Rb7+ Kg6 33. Rd7 Nf6 34. Nf4+ Kh6 35. Rd6 Kg7 36. h3 Re1 37. g3 Rg1 38.
Re6 Rd1 39. Re3 Ne4 40. Rd3 Rf1+ 41. Kg2 Rf2+ 42. Kg1 Ra2 43. d5 Nd6 44. Re3 Ne4 45. g4 Kf6 46. Re1 Rd2 47. Rf1 Ke5 48.
gxf5 Kxf5 49. Nd3+ Kg6 50. Rf3 h5 51. h4 Nd6 52. Kf1 Rh2 53. Re3 Kf5 54. Re5+ Kg4 55. Re6 Nf5 56. Re4+ Kg3 57.
Ke1 Rxh4 1/2-1/2

[Event "ONJK U25"]
[Site "Enschede, Netherlands"]
[Date "2022.08.10"]
[Round "4.5"]
[White "Meulenkolk, Jan-Geert"]
[Black "Gesthuizen, Ward"]
[Result "0-1"]
[TimeControl "90min + 30sec/move"]
[WhiteElo "1681"]
[BlackElo "1600"]

1. e4 c6 2. d4 d5 3. e5 c5 4. c3 Nc6 5. Nf3 Bg4 6. Bb5 e6 7. O-O Nge7 8. Bf4 Qb6 9. Qa4 Bxf3 10.
dxc5 Qc7 11. gxf3 a6 12. Bxc6+ Nxc6 13. b4 Be7 14. c4 dxc4 15. Nc3 O-O 16. Rfe1 Nd4 17. Kg2 a5 18. Nb5 Qc6 19.
Nc3 Qxf3+ 20. Kg1 Qxc3 0-1

[Event "ONJK U25"]
[Site "Enschede, Netherlands"]
[Date "2022.08.10"]
[Round "4.6"]
[White "Smidt, Hana"]
[Black "Van Randtwijk, Mick"]
[Result "0-1"]
[TimeControl "90min + 30sec/move"]
[WhiteElo "1594"]
[BlackElo "2057"]

1. e4 c5 2. Nf3 d6 3. c3 Nc6 4.
d4 cxd4 5. cxd4 g6 6. Bb5 a6 7. Ba4 Bd7 8. O-O Bg7 9. Be3 Nf6 10. Nc3 b5 11. Bb3 b4 12. Nd5 Nxe4 13. Qc1 O-O 14.
Bh6 e6 15. Bxg7 Kxg7 16. Ne3 d5 17. Ng4 Rc8 18. Qh6+ Kh8 19. Bc2 f5 20. Bxe4 dxe4 21. Ng5 Qe7 22. Ne5 Nxe5 23. dxe5 Qg7 24. Qxg7+ Kxg7 25. Rfd1 Rfd8 26. Rd6 h6 27.
Nxe6+ Bxe6 28. Rxe6 Rd2 29. Rxa6 Rcc2 30. b3 Rxf2 31. Rb6 Rxg2+ 32. Kh1 Rxh2+ 33. Kg1 Rcg2+ 34. Kf1 e3 35. Rc1 e2+ 36.
Ke1 Rh1+ 37. Kd2 e1=Q+ 38. Kd3 Qe4# 0-1

[Event "ONJK U25"]
[Site "Enschede, Netherlands"]
[Date "2022.08.11"]
[Round "5.1"]
[White "Baselmans, Luuk"]
[Black "Van Roon, Sjoerd"]
[Result "1-0"]
[TimeControl "90min + 30sec/move"]
[WhiteElo "2256"]
[BlackElo "2310"]

1. e4 c5 2. Nf3 e6 3. b3 b6 4. Bb2 Bb7 5. Nc3 Nf6 6. e5 Ne4 7. h4 Nxc3 8. dxc3 Qc7 9. c4 Nc6 10.
Bd3 O-O-O 11. Qe2 d6 12. exd6 Rxd6 13. O-O-O f6 14. Kb1 e5 15. h5 Qf7 16. Nh4 Kc7 17. Be4 Nd4 18. Bxd4 cxd4 19.
f4 exf4 20. Bxb7 Kxb7 21. Qe4+ Ka6 22.
Nf5 Re6 23. Qd5 Qe8 24. Qb5+ Qxb5 25. cxb5+ Kb7 26. Rxd4 Re5 27. Rd7+ Kc8 28. Rhd1 Re1 29. Rd8+ Kc7 30. Rxe1 Kxd8 31. Nd4 Kd7 32. Rd1 g5 33. hxg6 hxg6 34.
Ne2+ Bd6 35. Nxf4 g5 36. Nd5 f5 37. c4 Rh2 38. b4 f4 39. c5 bxc5 40. Nf6+ Ke6 41. Ne4 cxb4 42. Nxd6 Rxg2 43.
Nc4 Re2 44. Nd2 g4 45. Kc2 Ke5 46. Rg1 f3 47. Kd3 Kf4 48. Rb1 Re3+ 49. Kc2 f2 50. Rxb4+ Kg3 51. Nf1+ Kf3 52. Rxg4 Re5 53.
Nh2+ Ke2 54. Rc4 Re7 55. a4 Ke1 56. a5 Re2+ 57. Kc1 Re5 58. b6 axb6 59. axb6 f1=Q 60. Nxf1 Rb5 61. Rc6 Kxf1 62.
Kd2 Kf2 63. Kd3 Kf3 64. Rf6 Kg4 65. Kc4 1-0

[Event "ONJK U25"]
[Site "Enschede, Netherlands"]
[Date "2022.08.11"]
[Round "5.2"]
[White "Nijdam, Brian"]
[Black "Boudry, William"]
[Result "1/2-1/2"]
[TimeControl "90min + 30sec/move"]
[WhiteElo "1749"]
[BlackElo "2115"]

1. d4 d5 2. Nc3 Nf6 3. Bf4 c5 4. e3 cxd4 5. exd4 a6 6. Nf3 Nc6 7. Ne5 e6 8. Nxc6 bxc6 9. Na4 Bd6 10.
Bxd6 Qxd6 11. Bd3 a5 12. O-O Ba6 13. Bxa6 Rxa6 14. Qd3 Ra7 15. Rfe1 O-O 16. Nc5 Rb8 17. b3 Rb5 18. Qg3 Qxg3 19.
hxg3 Nd7 20. Nxd7 Rxd7 21. Re3 h5 22. Rc3 c5 23. a4 Rb4 24. Rxc5 Rxd4 25. Rxa5 Rc7 26. Rc1 Rd2 27. c4 d4 28.
Kf1 d3 29. Ra8+ Kh7 30. Rd8 Rb7 31. Ke1 Re2+ 32. Kf1 Rd2 33. Ke1 Re2+ 34. Kf1 Rd2 1/2-1/2

[Event "ONJK U25"]
[Site "Enschede, Netherlands"]
[Date "2022.08.11"]
[Round "5.3"]
[White "Merkon, Oseb"]
[Black "Heskes, Johan"]
[Result "1-0"]
[TimeControl "90min + 30sec/move"]
[WhiteElo "1954"]
[BlackElo "1566"]

1. c4 e5 2. Nc3 f5 3. g3 Nf6 4. Bg2 Bc5 5. e3 e4 6. d4 exd3 7. Qxd3 d6 8. Nge2 Nc6 9. Nd4 Ne5 10.
Qc2 O-O 11. b3 c6 12. Bb2 f4 13. gxf4 Bxd4 14. fxe5 Bxe5 15. f4 Bxc3+ 16. Qxc3 Qe7 17. O-O-O Bf5 18. Rhe1 Ne4 19. Bxe4 Bxe4 20.
Rxd6 Rf7 21. Red1 Re8 22. Qd4 Bf5 23. Rg1 Bg6 24. Kd2 Qe4 25. Qxe4 Bxe4 26. Be5 g6 27. h4 h5 28. Kc3 Kh7 29.
Rgd1 Bf5 30. Rd8 Rff8 31. Rxe8 Rxe8 32. Rd6 Kg8 33. Kd4 Re6 34. Rd7 c5+ 35. Kc3 Be4 36. b4 Ra6 37. bxc5 Ra3+ 38.
Kd4 Rd3+ 39. Kxe4 Rxd7 40. Bd6 Kf7 41. Kd5 Rd8 42. e4 Re8 43. e5 a6 44. a4 Re6 45. c6 bxc6+ 46. Kxc6 Ke8 47.
Kc7 g5 48. fxg5 Rg6 49. c5 Rg7+ 50. Kb6 a5 51. c6 Kd8 52. e6 Rg8 53. Kxa5 Re8 54. e7+ Kc8 55. Kb6 1-0